Cogmind - Beta 13 @@@ ROGUE MODE // 2024.04.15 @ 19:45:36 Player: AntinDisguise Result: Destroyed by Y-54 Guardian with Gatling Laser Performance ------------- Evolutions (0) 0 Regions Visited (4) 800 Robots Destroyed (28) 140 Value Destroyed (542) 542 Prototype IDs (0) 0 Alien Tech Used (0) 0 Bonus (0) 0 TOTAL SCORE: 1482 Bonus ------- None Cogmind --------- Core Integrity 0/250 Matter 280/300 Energy 223/265 System Corruption 3% Temperature Cool (86) Movement Rolling (105) Location -7/Recycling Parts ------- > --- POWER (1) -------- Improved Ion Engine > --- PROPULSION (2) --- Compact Wheel Subdweller Monowheel > --- UTILITY (2) ------ Large Storage Unit Improved Targeting Computer > --- WEAPON (2) ------- Light EM Pulse Cannon > --- INVENTORY (15) --- Improved Ion Engine Light Nuclear Core Scrap Engine Improved Heat Sink Signal Interpreter Long-range Tractor Beam Light EM Pulse Cannon Particle Cannon Particle Cannon Subdweller Shrapnel Launcher Enhanced Flamer Proton Bomb Trap Peak State ------------ > --- POWER ------------ Improved Ion Engine > --- PROPULSION ------- Subdweller Monowheel Airjet > --- UTILITY ---------- Large Storage Unit Improved Targeting Computer > --- WEAPON ----------- Beamcaster Light EM Pulse Cannon > --- INVENTORY -------- Improved Ion Engine Light Nuclear Core Airjet Scrap Engine Improved Heat Sink Signal Interpreter Light EM Pulse Cannon Particle Cannon Particle Cannon Subdweller Shrapnel Launcher Enhanced Flamer Proton Bomb Trap [Rating: 21] Favorites ----------- Power Ion Engine Engine Ion Engine Propulsion Light Treads Treads Light Treads Wheel Compact Wheel Hover Unit Airjet Utility Large Storage Unit Device Tractor Beam Storage Large Storage Unit Processor Improved Targeting Computer Weapon Particle Cannon Energy Gun Medium Laser Energy Cannon Particle Cannon Ballistic Gun Assault Rifle Special Weapon Enhanced Flamer Build | -11 -10 -10 -10 -7 ------- Run | Yrd Mat Min Sub Rec Slots Evolved . | . . . . . Power . | . . . . . Propulsion . | . . . . . Utility . | . . . . . Weapon . | . . . . . Parts Attached 28 | 6 9 3 5 5 Power 2 | 1 . 1 . . Engine 2 | 1 . 1 . . Core . | . . . . . Reactor . | . . . . . Propulsion 11 | 2 1 2 1 5 Treads 2 | . . 2 . . Leg . | . . . . . Wheel 8 | 2 1 . 1 4 Hover 1 | . . . . 1 Flight . | . . . . . Utility 5 | 1 4 . . . Device 1 | . 1 . . . Storage 2 | 1 1 . . . Processor 2 | . 2 . . . Hackware . | . . . . . Protection . | . . . . . Artifact . | . . . . . Weapon 10 | 2 4 . 4 . Energy Gun 4 | 2 1 . 1 . Energy Cannon 4 | . 2 . 2 . Ballistic Gun 1 | . 1 . . . Ballistic Cannon . | . . . . . Launcher . | . . . . . Special Weapon 1 | . . . 1 . Impact Weapon . | . . . . . Slashing Weapon . | . . . . . Piercing Weapon . | . . . . . Special Melee Weapon . | . . . . . Unidentified Prototypes . | . . . . . Parts Lost 6 | . 1 2 2 1 Power 1 | . . 1 . . Propulsion 4 | . 1 1 2 . Utility . | . . . . . Weapon 1 | . . . . 1 Highest Loss Streak 2 | . 1 1 2 1 To Critical Strikes . | . . . . . Average Slot Usage (%) 97 | . 98 98 94 91 Engine 13 | . 14 13 14 14 Treads 12 | . . 23 22 . Wheel 13 | . 27 3 1 20 Device 1 | . 4 . . . Storage 14 | . 14 14 14 14 Processor 11 | . 8 14 14 14 Energy Gun 9 | . 20 . 9 13 Energy Cannon 17 | . 6 28 11 14 Naked Turns . | . . . . . Heaviest Build 36 | 14 33 35 36 36 Greatest Support 40 | 26 26 40 40 36 Greatest Overweight (x) 11 | . 1 3 11 1 Average Overweight (x) . | . . . . . Largest Inventory Capacity 15 | 8 15 15 15 15 Average Capacity 13 | 6 10 15 15 15 Most Carried 15 | 5 12 15 13 14 Average Carried 10 | 1 6 13 11 12 Final Capacity 15 | 8 15 15 15 15 Final Carried 13 | 2 11 13 12 13 Class Distribution -------------------- 95% | Mutant 4% | Scavenger-Mutant Dominant Class ---------------- Mutant | -10/Materials Mutant | -10/Mines Mutant | -10/Subcaves Mutant | -7/Recycling Resources | -11 -10 -10 -10 -7 ----------- Run | Yrd Mat Min Sub Rec Matter Collected 505 | 242 72 108 53 30 Remotely 38 | . 38 . . . Salvage Created 898 | . 293 381 112 112 Parts 53 | . 22 19 3 9 Haulers Intercepted . | . . . . . Recyclers Shooed . | . . . . . Parts Field Recycled . | . . . . . Retrieved Matter . | . . . . . Parts Self-Destructed 8 | . . . 8 . Prevented . | . . . . . Kills | -11 -10 -10 -10 -7 ------- Run | Yrd Mat Min Sub Rec Combat Hostiles Destroyed 15 | . 9 4 2 . Guns 10 | . 9 . 1 . Cannons 5 | . . 4 1 . Classes Destroyed 9 | . 4 3 1 1 Worker 3 | . . 3 . . Builder 2 | . . . . 2 Tunneler 2 | . 1 1 . . Recycler 2 | . . 1 . 1 Turret 2 | . . . 2 . Watcher 2 | . 2 . . . Swarmer 7 | . 6 . 1 . Grunt 5 | . 3 2 . . Sentry 3 | . . 2 1 . Best Kill Streak 4 | . 4 2 2 2 Combat Bots Only 3 | . 3 2 1 . Max Kills in Single Turn 2 | . 2 2 1 1 Gunslinging 1 | . 1 . . . Exploded . | . . . . . Melee . | . . . . . Uniques/NPCs Destroyed . | . . . . . Combat | -11 -10 -10 -10 -7 -------- Run | Yrd Mat Min Sub Rec Hostile Shots Fired 185 | . 44 46 83 12 Missed 62 | . 13 15 31 3 Damage Taken 1199 | . 266 482 379 72 Core 257 | . 73 125 48 11 Absorbed by Shields . | . . . . . Core Remaining (%) 100 | 100 . . . . Volleys Fired 69 | . 25 22 17 5 Largest 2 | . 2 2 2 2 Hottest 155 | . 136 136 155 131 Shots Fired 129 | . 48 45 27 9 Gun 63 | . 44 . 15 4 Cannon 62 | . 4 45 8 5 Launcher . | . . . . . Special 4 | . . . 4 . Kinetic 2 | . 2 . . . Thermal 118 | . 46 45 23 4 Explosive . | . . . . . Electromagnetic 9 | . . . 4 5 Robot Hit Streak 10 | . 3 6 7 10 Robot Miss Streak 3 | . 3 3 2 1 Penetration Max . | . . . . . Secondary Targets 2 | . 2 . . . Max Gunslinging Chain 1 | . 1 . . . Shots Hit Robots 64 | . 25 13 20 6 Core Hits 34 | . 16 9 5 4 Critical Kills . | . . . . . Critical Parts Destroyed . | . . . . . Critical Strikes 5 | . 3 . 1 1 Burn 5 | . 3 . 1 1 Melee Attacks . | . . . . . Impact . | . . . . . Slashing . | . . . . . Piercing . | . . . . . Sneak Attacks . | . . . . . Combat Hostiles . | . . . . . Follow-up Attacks . | . . . . . Damage Inflicted 1144 | . 367 287 366 124 Guns 593 | . 326 . 227 40 Cannons 531 | . 41 287 119 84 Explosions . | . . . . . Melee . | . . . . . Ramming . | . . . . . Kinetic . | . . . . . Thermal 1002 | . 367 287 308 40 Explosive . | . . . . . Electromagnetic 142 | . . . 58 84 Impact . | . . . . . Slashing . | . . . . . Piercing . | . . . . . Highest Corruption 3 | . 3 3 3 3 Average Corruption 2 | . 2 3 3 3 Corruption Purged . | . . . . . Corruption Blocked . | . . . . . Effects 34 | . 4 23 4 3 Message Errors 12 | . 2 5 3 2 Matter Fused 5 | . . 3 1 1 Heat Flow Errors 5 | . 2 3 . . Energy Discharges 4 | . . 4 . . Data Loss (minor) 6 | . . 6 . . Data Loss (major) 1 | . . 1 . . Misfires 1 | . . 1 . . Overload Shots . | . . . . . Overflow Damage 2 | . . . 2 . Projectiles 2 | . . . 2 . Explosions . | . . . . . Melee . | . . . . . Knockbacks . | . . . . . Impact . | . . . . . Kinetic . | . . . . . Secondary . | . . . . . Self-Inflicted Damage . | . . . . . Shots . | . . . . . Rammed . | . . . . . Targets Rammed . | . . . . . Kicked . | . . . . . Crushed . | . . . . . Highest Temperature 536 | . 378 536 148 78 Average Temperature 104 | . 114 115 61 44 Received Heat Transfer 504 | . 39 174 267 24 Effects 10 | . 2 8 . . Shutdowns 2 | . . 2 . . Energy Bleed 1 | . 1 . . . Interference 4 | . 1 3 . . Matter Decay 1 | . . 1 . . Damage (minor) 1 | . . 1 . . Damage (core) 1 | . . 1 . . Siege Activations . | . . . . . Robots Corrupted . | . . . . . Combat Hostiles . | . . . . . Parts Fried . | . . . . . Impact Corruptions . | . . . . . Robots Melted . | . . . . . Combat Hostiles . | . . . . . Parts Melted 3 | . 2 . 1 . Heat Transferred 2602 | . 1184 518 752 148 Parts Sabotaged . | . . . . . Parts Stolen . | . . . . . Parts Stripped . | . . . . . Power Chain Reactions . | . . . . . Alert | -11 -10 -10 -10 -7 ------- Run | Yrd Mat Min Sub Rec Peak Influence 449 | . 220 85 . 449 Initial 429 | . . 30 . 429 Average 103 | . 104 33 . 433 Maximum Alert Level 2 | . 1 . . 2 Low Security (%) 78 | 100 73 100 . . Level 1 10 | . 26 . . 3 Level 2 10 | . . . . 96 Level 3 . | . . . . . Level 4 . | . . . . . Level 5 . | . . . . . High Security . | . . . . . Max Security . | . . . . . Squads Dispatched 1 | . 1 . . . Investigation 1 | . 1 . . . Extermination . | . . . . . Reinforcement . | . . . . . Assault . | . . . . . Garrison . | . . . . . Intercept . | . . . . . Searches Triggered . | . . . . . Construction Impeded . | . . . . . Haulers Reinforced . | . . . . . Active Scanning Responses . | . . . . . Cargo Convoy Interrupts . | . . . . . Stealth | -11 -10 -10 -10 -7 --------- Run | Yrd Mat Min Sub Rec Distress Signals 2 | . 1 1 . . Communications Jammed . | . . . . . Distress Signals . | . . . . . Times Spotted 72 | . 18 4 49 1 Peak Tracking Total 3 | . 3 2 3 . Tactical Retreats 5 | . 2 . 3 . Traps | -11 -10 -10 -10 -7 ------- Run | Yrd Mat Min Sub Rec Traps Triggered 3 | . 3 . . . Indirectly . | . . . . . Trap Hack Attempts . | . . . . . Triggered . | . . . . . Disarmed . | . . . . . Reprogrammed 6 | . 6 . . . Reused 2 | . 2 . . . Traps Extracted . | . . . . . Installed 2 | . . . . 2 Triggered 2 | . 2 . . . Most Traps Carried 3 | . . 3 3 3 Machines | -11 -10 -10 -10 -7 ---------- Run | Yrd Mat Min Sub Rec Machines Disabled 2 | . 1 . 1 . Max in Single Turn 1 | . 1 . 1 . Machines Repaired . | . . . . . Machines Dismantled . | . . . . . Machines Sabotaged . | . . . . . Overloaded Fab Kills . | . . . . . Hacking | -11 -10 -10 -10 -7 --------- Run | Yrd Mat Min Sub Rec Machines Accessed 9 | . 6 . . 3 Terminals 8 | . 5 . . 3 Fabricators . | . . . . . Repair Stations . | . . . . . Recycling Units 1 | . 1 . . . Scanalyzers . | . . . . . Garrison Access . | . . . . . Total Hacks 27 | . 19 . . 8 Successful 9 | . 7 . . 2 Failed 18 | . 12 . . 6 Catastrophic 1 | . 1 . . . Database Lockouts . | . . . . . Manual . | . . . . . Terminals 23 | . 15 . . 8 Fabricators . | . . . . . Repair Stations . | . . . . . Recycling Units 4 | . 4 . . . Scanalyzers . | . . . . . Garrison Access . | . . . . . Terminal Hacks 8 | . 6 . . 2 Unreport Threat 2 | . 1 . . 1 Locate Traps 2 | . 2 . . . Reprogram Traps 1 | . 1 . . . Investigation Status 1 | . 1 . . . Zone Layout 2 | . 1 . . 1 Fabricator Hacks . | . . . . . Repair Station Hacks . | . . . . . Recycling Unit Hacks 1 | . 1 . . . Report Inventory 1 | . 1 . . . Scanalyzer . | . . . . . Garrison Access Hacks . | . . . . . Unauthorized Hacks . | . . . . . Terminals . | . . . . . Fabricators . | . . . . . Repair Stations . | . . . . . Recycling Units . | . . . . . Scanalyzers . | . . . . . Garrison Access . | . . . . . Data Cores Recovered . | . . . . . Used . | . . . . . Hacking Detections 6 | . 4 . . 2 Full Trace Events 2 | . 2 . . . Feedback Events . | . . . . . Feedback Blocked . | . . . . . Robot Schematics Acquired . | . . . . . Robots Built . | . . . . . Authchips . | . . . . . Time . | . . . . . Total Robot Build Rating . | . . . . . Part Schematics Acquired . | . . . . . Parts Built . | . . . . . Authchips . | . . . . . Time . | . . . . . Total Part Build Rating . | . . . . . Parts Repaired . | . . . . . Time . | . . . . . Parts Recycled . | . . . . . Recycled Matter . | . . . . . Retrieved Matter . | . . . . . Retrieved Components . | . . . . . Parts Scanalyzed . | . . . . . Part Schematics Acquired . | . . . . . Parts Damaged . | . . . . . Bothacking | -11 -10 -10 -10 -7 ------------ Run | Yrd Mat Min Sub Rec Used RIF Installer . | . . . . . Robots Hacked . | . . . . . Non-combat . | . . . . . Combat . | . . . . . Robot Hacks Applied . | . . . . . Relay Couplers Released . | . . . . . Fabnet Peak Effective % . | . . . . . Robots Rewired . | . . . . . Allies Hacked . | . . . . . Hacks Repelled . | . . . . . Allies | -11 -10 -10 -10 -7 -------- Run | Yrd Mat Min Sub Rec Total Allies . | . . . . . Largest Group . | . . . . . Highest-Rated Group . | . . . . . Highest-Rated Ally . | . . . . . Total Orders . | . . . . . Ally Attacks . | . . . . . Total Damage . | . . . . . Kills . | . . . . . Allies Corrupted . | . . . . . Allies Melted . | . . . . . Intel | -11 -10 -10 -10 -7 ------- Run | Yrd Mat Min Sub Rec Robot Analysis Total . | . . . . . Derelict Logs Recovered 2 | . . 1 1 . Drone Launches . | . . . . . Drone Recoveries . | . . . . . Exploration | -11 -10 -10 -10 -7 ------------- Run | Yrd Mat Min Sub Rec Turns Passed 2650 | 50 934 1154 257 255 Spaces Moved 1517 | 41 640 531 110 195 Core 4 | 1 . . 3 . Treads 523 | . . 431 92 . Legs . | . . . . . Wheels 990 | 40 640 100 15 195 Hover . | . . . . . Flight . | . . . . . Fastest Speed 50 | 50 90 105 120 105 Average Speed 122 | 89 97 150 166 112 Slowest Speed 600 | 100 105 160 600 120 Overloaded Moves . | . . . . . Propulsion Burnouts . | . . . . . Robots Hopped . | . . . . . Cave-ins Triggered . | . . . . . Exploration Rate (%) 46 | 4 97 85 10 38 Regions Visited 4 Branch Regions 3 Pre-discovered Areas . | . . . . . Known Exits Taken . | . . . . . Unknown Exits Taken 4 | 1 1 1 1 . Scrap Searched 1 | . . 1 . . Spaces Dug 13 | . . 13 . . Terrain Destroyed 13 | . . 13 . . Melee . | . . . . . Projectile 13 | . . 13 . . AOE . | . . . . . Terrain Rammed . | . . . . . Walls Destroyed . | . . . . . Machines Disabled . | . . . . . Actions | -11 -10 -10 -10 -7 --------- Run | Yrd Mat Min Sub Rec Total 2185 | 54 907 848 152 224 Wait 497 | . 205 275 17 . Move 1513 | 40 639 530 109 195 Hop . | . . . . . Pick Up 50 | 8 20 11 2 9 Fast Attach . | . . . . . Attach 19 | 6 6 3 1 3 Detach . | . . . . . Swap 9 | . 3 . 4 2 Drop 26 | . 9 7 2 8 Fire 69 | . 25 22 17 5 Melee . | . . . . . Ram . | . . . . . Kick . | . . . . . Crush . | . . . . . Escape Stasis . | . . . . . Rewire . | . . . . . Trap 2 | . . . . 2 Miscellaneous . | . . . . . Route ------- -11/Scrapyard -10/Materials (discovered 5 exits: [*Mat x3] / [*Min x2]) -10/Mines (discovered 3 exits: [*Mat x2] / [*Sub]) -10/Subcaves -7/Recycling History --------- Turn | Location | Event 11 | -11/Scrapyard | Discovered new exit (range 15) 51 | -11/Scrapyard | Entered Materials 302 | -10/Materials | Build established: Mutant 398 | -10/Materials | Discovered new exit (range 9) 437 | -10/Materials | Discovered new exit (range 18) 695 | -10/Materials | Discovered new exit (range 10) 891 | -10/Materials | Discovered new exit (range 15) 973 | -10/Materials | Discovered new exit (range 8) 985 | -10/Materials | Entered Mines 1041 | -10/Mines | Met a Derelict bent on vengeance 1050 | -10/Mines | Found a hidden stash of uninstalled traps 1073 | -10/Mines | A weapon hastily lodged in a ceiling crevice suddenly fell to the ground 1158 | -10/Mines | Core integrity fell below 50% 1288 | -10/Mines | Discovered new exit (range 7) 2080 | -10/Mines | Discovered new exit (range 8) 2133 | -10/Mines | Discovered new exit (range 3) 2139 | -10/Mines | Entered Subcaves 2141 | -10/Subcaves | Learned Materials terminal intel 2329 | -10/Subcaves | Discovered new exit (range 10) 2330 | -10/Subcaves | Core integrity fell below 20% 2396 | -10/Subcaves | Entered Recycling 2412 | -7/Recycling | Found Scrap Engine 2651 | -7/Recycling | Destroyed by Y-54 Guardian with Gatling Laser Last Messages --------------- R-06 Scavenger collects Airjet. R-06 Scavenger collects Sml. Storage Unit. R-06 Scavenger collects Wheel. R-06 Scavenger collects Airjet. L, QEQR JROXA# Y Z3PC9 Connecting with Terminal... U-05 Engineer destroyed. Acquired 4 matter. Acquired Lrn. Tractor Beam. System corrupted: Matter fused (-5). Acquired Arm. Wheel. Dropped Com. Wheel. Dropped Arm. Wheel. Acquired Com. Wheel. R-06 Scavenger collects Arm. Wheel. Connecting with Terminal... >>Alert(Purge) Purged threat record, alert level lowered. Y-54 Guardian springs to life. Beamcaster destroyed. Map ----- +----------------------------------------------------+ | ??????????????????????????????????????????????? | | ??????????????????????????????????????????????? | | ??????????????????????????????????????????????? | | ??????????????????????????????????????????????? | | ??????????????????????????????????????????????? | | ??????????????????????????????????????????????? | | ??????????????????????????????????????????????? | | ??????????????????????????????????????????????? | | ??????????????????????????????????????????????? | | ??????????????????????????????????????????????? | | ??????????????????????????????????????????????? | | ??????????????????????????????????????????????? | | ??????????????????????????????????????????????? | | ????????????????????????#?????????????????????? | | ??????????????????????? #?????????????????????? | | ??????????????????????? #?????????????????????? | | ??????????????????????? #?????????????????????? | | ??????????????????????? #?????????????????????? | | ?????????????#+#??####? ?????????????????????? | | ?????????????# #?#"""#? #?????????????????????? | | ?????????????# ###"T"## #?????????????????????? | | ??############ #?????????????????????? | | ??# # r ####??????????????????? | | ??# = # """"" u## ####????????##+##### | | ??# # """"" Y #???????? # | | ??# ! # """""@ #???????? # | | ?# # r #???????? # | | ??# + #???????? # | | ??# # ###"T"######## #???????? # | | ??############%#?#####????#= %#######?? # | | ?????????????# #??????????#= + # | | ??????????####/#########??# #######?? # | | ??????????# #??### #???????? ####### | | ??????????# #????# #????????##?????? | | ??????????# #?####/##########??????? | | ??????????# #?# #?###### | | ??????????# #?# #?# | | ??????????# #?# #?# | | ??????????# #?# #?# | | ??????????# #?# #?# | | ?????????## #?# #?# | | ?????????# #?# #?# | | ?????????## #?# #?# | | ??????????# #?# ### | | ??????????#########+####?# ## | | ????????????????# ###########+############+ | | ????????????????# | | ????????????????# ^ | | ????????????????# | | ????????????????# ####+###################+ | +----------------------------------------------------+ Best States ------------- Heat Dissipation 25 Energy Generation 12 Energy Capacity 265 Matter Stores 300 Matter Capacity 300 Sight Range 18 Terrain Scan Density 10 Evasion (%) 42 Targeting Accuracy 6 Recoil Reduction 2 Item Schematics ----------------- None Robot Schematics ------------------ None Fabricated ------------ Nothing Alien Tech Used ----------------- None Achievements -------------- None Challenges ------------ None Game ------ Seed LatentRestorationProjector Manual? 0 Play Time 00:23:31 Cumulative 17.1 hours Start 2024.04.15 @ 19:22:46 End 2024.04.15 @ 19:45:36 Sessions 1 Manual Loads 0 Difficulty Rogue Special Mode None Game No. 39 Rogue 37 Adventurer 2 Explorer 0 Win Type - Total 0 Types 0/0/0/0/0/0/0/0/0 Lore% 16 Gallery% 25 Achievement% 19 Wizard Run 0 Options --------- Layout 1 ASCII 0 Keyboard 0 Movement Mouse Keybinds 0 Fullscreen 1 Font 16/SmallcapsGlow Map View 27x19 Zoom Use 96% Tactical HUD 0 Map Filters NONE Filters NONE Steam 1 RUN: 8bc1f5e5-53b1-4337-92d5-49e2d8dd5bfa